 Dungeon Crawl Stone Soup version 0.21-a0-496-g696f58f (webtiles) character file.

1169 kae the Carver (level 8, -5/71 HPs)
             Began as a Minotaur Fighter on Nov 23, 2017.
             Slain by a two-headed ogre
             ... wielding a +0 giant club
              (10 damage)
             ... on level 5 of the Dungeon.
             The game lasted 00:04:53 (3772 turns).

kae the Carver (Minotaur Fighter)                   Turns: 3772, Time: 00:04:54

Health: -5/71      AC: 15    Str: 21    XL:     8   Next: 17%
Magic:  0/7        EV:  5    Int:  7    God:
Gold:   226        SH:  9    Dex: 10    Spells: 7/7 levels left

rFire    . . .     SeeInvis .   a - +0 long sword
rCold    . . .     Gourm    .   c - +0 shield
rNeg     . . .     Faith    .   z - +0 plate armour (curse)
rPois    .         Spirit   +   r - +1 hat
rElec    .         Reflect  .   v - scarf {Spirit}
rCorr    .         Harm     .   i - +0 pair of gloves
MR       .....                  (no boots)
Stlth    ..........             (no amulet)
HPRegen  0.21/turn              (no ring)
MPRegen  0.10/turn              (no ring)

@: lethally poisoned (-5 -> -6)
A: retaliatory headbutt, horns 2
a: no special abilities


You were on level 5 of the Dungeon.
You were not hungry.

You visited 1 branch of the dungeon, and saw 5 of its levels.
You also visited: Sewer.

You collected 226 gold pieces.

Inventory:

Hand Weapons
 a - a +0 long sword (weapon)
Armour
 b - a +0 scale mail
 c - a +0 shield (worn)
 i - a +0 pair of gloves (worn)
 r - a +1 hat (worn)
 v - a scarf of spirit shield (worn)
 z - a cursed +0 plate armour (worn)
Jewellery
 A - an uncursed amulet of magic regeneration
Scrolls
 e - 2 scrolls of fear
 k - a scroll of remove curse
 l - 3 scrolls of fog
 t - 3 scrolls of teleportation
 x - 2 scrolls of identify
Potions
 d - a potion of might
 g - 3 potions of mutation
 h - a potion of cancellation {unknown}
 j - 2 potions of ambrosia
 n - a potion of lignification
 p - 7 potions of curing
 q - 2 potions of agility
 s - 2 potions of brilliance {unknown}
 u - 3 potions of heal wounds
 w - a potion of flight {unknown}
Comestibles
 f - 2 bread rations
 m - 2 meat rations
 o - 3 royal jellies


   Skills:
 + Level 6.7 Fighting
 * Level 8.2 Long Blades
 + Level 6.6 Armour
 + Level 2.7 Dodging
 - Level 3.6 Shields


You had 7 spell levels left.
You didn't know any spells.

Dungeon Overview and Level Annotations

Branches:
Dungeon (5/15)
 Temple: D:4-7

Altars:
Zin


Innate Abilities, Weirdness & Mutations

You reflexively headbutt those who attack you in melee.
You have a pair of horns on your head.


Message History

You are too injured to fight recklessly!
You are too injured to fight recklessly!
You are too injured to fight recklessly!
You are too injured to fight recklessly!
You are too injured to fight recklessly!
You slash the two-headed ogre! You headbutt the two-headed ogre!
The two-headed ogre is severely wounded.
The two-headed ogre hits you with a giant club! x2
Your shield and plate armour prevent you from hitting the two-headed ogre.
The two-headed ogre is severely wounded.
You feel sick.
The two-headed ogre hits you with a giant club!
* * * LOW HITPOINT WARNING * * *
The two-headed ogre hits you with a giant club.
* * * LOW HITPOINT WARNING * * *
You feel much better.
The two-headed ogre hits you with a giant club!!
* * * LOW HITPOINT WARNING * * *
The two-headed ogre hits you with a giant club!
You die...

...#.. #..... .......
...... ....... ###.#.
....... ...... .. .......
...... #.. .......
#....>##..####### .....).
..#.#...........##l......
........#.......@Oll.....
###.....#.......#########
.....#..........####
...................#
..............####....
................######
..............#...###
..............###...#
..............#####.#


You could see a two-headed ogre, a leopard gecko and 2 frilled lizards.

Vanquished Creatures
  Menkaure (D:5)
  An ice beast (D:5)
  A phantom (D:4)
  An ogre (D:5)
  A big kobold (Sewer)
  The ghost of Soeti the Skirmisher, a weakling DsMo (D:3)
  A howler monkey (D:4)
  A crimson imp (D:5)
  A hound (D:5)
  2 orc priests (D:5)
  A centaur skeleton (D:5)
  4 orc wizards (D:5)
  3 worker ants
  8 gnolls
  2 river rats (D:3)
  8 adders
  2 oozes
  An adder skeleton (D:4)
  4 worms
  A dart slug (D:1)
  4 leopard geckos
  8 orcs
  6 giant cockroaches
  6 goblins
  11 hobgoblins
  22 kobolds
  4 quokkas
  4 ball pythons
  6 bats
  7 frilled lizards
  7 rats
130 creatures vanquished.

Notes
Turn   | Place    | Note
-------+----------+-------------------------------------------
     0 | D:1      | kae the Minotaur Fighter began the quest for the Orb.
     0 | D:1      | Reached XP level 1. HP: 19/19 MP: 0/0
    52 | D:1      | Reached XP level 2. HP: 26/27 MP: 1/1
    53 | D:1      | Reached skill level 3 in Long Blades
   598 | D:2      | Reached XP level 3. HP: 33/33 MP: 2/2
   876 | D:2      | Reached skill level 4 in Long Blades
  1088 | D:2      | Found a faded altar of an unknown god.
  1241 | D:3      | Reached XP level 4. HP: 41/41 MP: 3/3
  1380 | D:3      | Reached XP level 5. HP: 39/47 MP: 4/4
  1412 | D:3      | Noticed Soeti's ghost (weakling DsMo)
  1419 | D:3      | Killed Soeti's ghost
  1419 | D:3      | Reached skill level 5 in Long Blades
  1555 | D:3      | Found a glowing drain.
  1562 | Sewer    | Entered a sewer
  1680 | Sewer    | Reached skill level 5 in Fighting
  1764 | Sewer    | Reached skill level 5 in Armour
  1764 | Sewer    | Reached XP level 6. HP: 48/56 MP: 5/5
  1887 | Sewer    | Found the +9 heavy crossbow "Sniper" {velocity, Acc+∞ SInv}
  2598 | D:4      | Reached skill level 6 in Long Blades
  2819 | D:4      | Found a glowing silver altar of Zin.
  3035 | D:5      | Entered Level 5 of the Dungeon
  3130 | D:5      | Reached XP level 7. HP: 62/62 MP: 6/6
  3150 | D:5      | Reached skill level 1 in Dodging
  3157 | D:5      | Reached skill level 7 in Long Blades
  3252 | D:5      | Noticed Menkaure
  3434 | D:5      | Killed Menkaure
  3437 | D:5      | Reached skill level 8 in Long Blades
  3437 | D:5      | Reached XP level 8. HP: 68/71 MP: 7/7
  3760 | D:5      | Noticed a two-headed ogre
  3772 | D:5      | Slain by a two-headed ogre

Vault maps used:
D:1:      noname_arrival_rooms_in_the_neighbourhood, kennysheep_doodads
D:2:      chequers_ecumenical_altar_simple
D:3:      gup_sewer_entry_bubbles, serial_bayou_crossing
D:4:      kennysheep_mini
D:5:      first_bread, item_on_display_a, uniq_menkaure
Sewer:    kennysheep_pipe_town

Skill      XL: |  1  2  3  4  5  6  7 |
---------------+----------------------+-----
Long Blades    | 3 4 5 6 8 |  8.2
Fighting       | 4 5 6 |  6.7
Armour         | 4 5 6 |  6.6
Dodging        | 2 |  2.7
Shields        | |  3.6

Action                   |  1- 3 |  4- 6 |  7- 9 || total
-------------------------+-------+-------+-------++-------
Melee: Long sword        |    82 |   202 |    75 ||   359
       Headbutt          |    15 |    25 |    12 ||    52
  Use: Scroll            |     6 |       |     5 ||    11
       Potion            |       |     3 |     4 ||     7
  Eat: Chunk             |     1 |     7 |     2 ||    10
Armor: Scale mail        |    32 |    93 |       ||   125
       Plate armour      |       |    20 |    25 ||    45
       Skin              |       |       |    64 ||    64
Dodge: Dodged            |    25 |    64 |    16 ||   105
Block: Shield            |    40 |   109 |    55 ||   204
       Rpst.: Long sword |     7 |    16 |     5 ||    28

Table legend:
 A = Spawn XP
 B = Non-spawn XP
 C = Spawn XP percentage of total XP
 D = Spawn monster count
 E = Non-spawn monster count
 F = Spawn count percentage of total count
 G = Total turns spent on level
                    A         B        C        D         E        F      G
               +---------+---------+-------+---------+---------+-------+---------
         Total |       0 |    1671 |   0.0 |       0 |     130 |   0.0 |  3772
               +---------+---------+-------+---------+---------+-------+---------
           D:1 |       0 |      33 |   0.0 |       0 |      20 |   0.0 |   479
           D:2 |       0 |      60 |   0.0 |       0 |      18 |   0.0 |   733
           D:3 |       0 |     228 |   0.0 |       0 |      32 |   0.0 |   852
           D:4 |       0 |     243 |   0.0 |       0 |       9 |   0.0 |   564
           D:5 |       0 |     973 |   0.0 |       0 |      27 |   0.0 |   737
         Sewer |       0 |     134 |   0.0 |       0 |      24 |   0.0 |   407
               +---------+---------+-------+---------+---------+-------+---------
